 Dungeon Crawl Stone Soup version 0.27.0-1-g7a089689b8 (webtiles) character file.

Game seed: 566444924202236051

217 Angani the Skirmisher (level 5, -2/47 HPs)
             Began as a Gnoll Abyssal Knight on Aug 7, 2021.
             Was an Initiate of Gozag.
             Slain by a hornet zombie (8 damage)
             ... on level 3 of the Dungeon.
             The game lasted 00:06:33 (3348 turns).

Angani the Skirmisher (Gnoll Abyssal Knight)        Turns: 3348, Time: 00:06:33

Health: -2/47      AC:  8    Str: 13    XL:     5   Next: 94%
Magic:  8/8        EV: 11    Int: 17    God:    Gozag
Gold:   241        SH:  0    Dex: 11    Spells: 7/7 levels left

rFire    . . .     SeeInvis .   c - +0 flail
rCold    . . .     Faith    .   (no shield)
rNeg     . . .     Spirit   .   g - +0 ring mail
rPois    .         Reflect  .   (no helmet)
rElec    .         Harm     .   o - +0 cloak
rCorr    .         Rampage  .   (no gloves)
Will     .....                  d - +0 pair of boots
Stlth    +.........             (no amulet)
HPRegen  0.15/turn              f - +6 ring of intelligence
MPRegen  0.11/turn              (no ring)

@: mighty, brilliant, hasted, very quick
A: fangs 1, strong nose, distributed training
a: Renounce Religion, Potion Petition, Call Merchant, Bribe Branch


You were on level 3 of the Dungeon.
You worshipped Gozag.
Gozag was aware of your devotion.
You visited 1 branch of the dungeon, and saw 3 of its levels.
You visited the Abyss 1 time.

You collected 241 gold pieces.

Inventory:

Hand Weapons
 c - a +0 flail (weapon)
Armour
 d - a +0 pair of boots (worn)
 g - a +0 ring mail (worn)
 o - a +0 cloak (worn)
Magical Staves
 e - a staff of poison
Jewellery
 f - a +6 ring of intelligence (left hand)
Scrolls
 i - a scroll of blinking
Potions
 b - a potion of attraction


   Skills:
 + Level 6.7 Fighting
 + Level 1.7 Short Blades
 + Level 1.7 Long Blades
 + Level 1.7 Axes
 + Level 4.9 Maces & Flails
 + Level 1.7 Polearms
 + Level 1.7 Staves
 + Level 1.7 Slings
 + Level 1.7 Bows
 + Level 1.7 Crossbows
 + Level 1.7 Throwing
 + Level 4.9 Armour
 + Level 3.1 Dodging
 + Level 1.7 Stealth
 + Level 1.7 Shields
 + Level 1.7 Unarmed Combat
 + Level 1.7 Spellcasting
 + Level 1.3 Conjurations
 + Level 1.3 Hexes
 + Level 1.3 Summonings
 + Level 1.3 Necromancy
 + Level 1.3 Translocations
 + Level 1.3 Transmutations
 + Level 1.3 Fire Magic
 + Level 1.3 Ice Magic
 + Level 1.3 Air Magic
 + Level 1.3 Earth Magic
 + Level 1.3 Poison Magic
 + Level 5.0 Invocations
 + Level 1.7 Evocations


You had 7 spell levels left.
You didn't know any spells.
Your spell library was empty.

Dungeon Overview and Level Annotations

Branches:
Dungeon (3/15)

Altars:
Elyvilon
Gozag


Innate Abilities, Weirdness & Mutations

You have very sharp teeth.
Your uncanny sense of smell can sniff out nearby items.
Your experience applies equally to all skills.


Message History

It was a scroll of blinking.
As you read the scroll labelled TODDAI MOPPUC, it crumbles to dust.
You hear a loud clanging noise!
It was a scroll of noise.
You hear a shout!
You hear a bark!
As you read the scroll labelled JUEMIO PASIGRU, it crumbles to dust.
Wisps of shadow whirl around you...
It was a scroll of summoning.
The hornet zombie hits your endoplasm!
Your endoplasm dies!
This is a scroll of acquirement!
Something appears at your feet!
Unknown command.
What are your orders? t - Bark!
Orders for allies: a - Attack new target. r - Retreat! s - Stop attacking. g - Guard the area. f - Follow me.
Anything else - Cancel.
Gang up on whom?
Press: ? - help, Dir - move target, f - hornet zombie
Aim: a hornet zombie (almost destroyed, ally target) Attack!
Your ball python bites the hornet zombie.
Your ball python barely misses the hornet zombie.
Unknown command.
The hornet zombie hits your ball python.
Your ball python dies!
Your ball python's corpse dissolves into shadows!
You hit the hornet zombie.
The hornet zombie is almost destroyed.
The hornet zombie hits you.
* * * LOW HITPOINT WARNING * * *
You barely miss the hornet zombie.
The hornet zombie is almost destroyed.
The hornet zombie closely misses you.
You hit the hornet zombie.
The hornet zombie is almost destroyed.
The hornet zombie hits you!
You die...
Your body crumbles into a pile of gold.

############# ............# #####
### ###### #.#########.# #.#.#
#.# #....# #.# #........ #.#.#
#.# ##.#.# #.###.####..#
#.#.####.#####.#@####............
#.#............#.Z..........###.#
#.######.############.###.#####..
#.#####.#.##### #.# #.# #....
.......###....# #.###.###.#.#
#.#####.#.###.# #...........# #.#
##.####.## #)###.##..... #.#
#.###...######.# #.##..### #.#
#.##.#>........###.##..#


You could see a hornet zombie.

Vanquished Creatures
  2 small abominations
  A necrophage (D:2)
  A hound (D:3)
  4 gnolls (D:3)
  2 adders (D:3)
  2 dart slugs
  A ball python (D:1)
  3 bats
  5 endoplasms
  A giant cockroach (D:1)
  A hobgoblin (D:1)
  4 jackals (D:2)
  2 kobolds (D:3)
  5 quokkas
  A frilled lizard (D:3)
  4 goblins
  5 rats
44 creatures vanquished.

Notes
Turn   | Place    | Note
-------+----------+-------------------------------------------
     0 | Abyss:1  | Angani the Gnoll Abyssal Knight began the quest for the
                  | Orb.
     0 | Abyss:1  | Reached XP level 1. HP: 23/23 MP: 3/3
    31 | Abyss:1  | Noticed a bone dragon
    33 | D:1      | Escaped the Abyss
    38 | D:1      | Fell from the grace of Lugonu
   271 | D:1      | Reached XP level 2. HP: 21/29 MP: 5/5
   555 | D:1      | Found a faded altar of an unknown god.
   592 | D:1      | Became a worshipper of Gozag Ym Sagoz the Greedy
   857 | D:1      | Noticed a small abomination
   883 | D:1      | Killed a small abomination
  1070 | D:1      | You fall into a shaft and drop 1 floor!
  1409 | D:2      | Found a white marble altar of Elyvilon.
  1445 | D:2      | Reached XP level 3. HP: 22/35 MP: 6/6
  2080 | D:2      | Noticed a necrophage
  2310 | D:3      | Reached skill level 1 in Short Blades
  2310 | D:3      | Reached skill level 1 in Long Blades
  2310 | D:3      | Reached skill level 1 in Axes
  2310 | D:3      | Reached skill level 1 in Polearms
  2310 | D:3      | Reached skill level 1 in Staves
  2310 | D:3      | Reached skill level 1 in Slings
  2310 | D:3      | Reached skill level 1 in Bows
  2310 | D:3      | Reached skill level 1 in Crossbows
  2310 | D:3      | Reached skill level 1 in Throwing
  2310 | D:3      | Reached skill level 1 in Stealth
  2310 | D:3      | Reached skill level 1 in Shields
  2310 | D:3      | Reached skill level 1 in Unarmed Combat
  2310 | D:3      | Reached skill level 1 in Spellcasting
  2310 | D:3      | Reached skill level 1 in Evocations
  2310 | D:3      | Reached XP level 4. HP: 36/41 MP: 7/7
  2393 | D:3      | Noticed a black bear
  2439 | D:2      | Killed a necrophage
  2440 | D:2      | Reached skill level 1 in Conjurations
  2440 | D:2      | Reached skill level 1 in Hexes
  2440 | D:2      | Reached skill level 1 in Summonings
  2440 | D:2      | Reached skill level 1 in Necromancy
  2440 | D:2      | Reached skill level 1 in Translocations
  2440 | D:2      | Reached skill level 1 in Transmutations
  2440 | D:2      | Reached skill level 1 in Fire Magic
  2440 | D:2      | Reached skill level 1 in Ice Magic
  2440 | D:2      | Reached skill level 1 in Air Magic
  2440 | D:2      | Reached skill level 1 in Earth Magic
  2440 | D:2      | Reached skill level 1 in Poison Magic
  2440 | D:2      | Reached XP level 5. HP: 34/47 MP: 8/8
  3271 | D:3      | Reached skill level 5 in Invocations
  3341 | D:3      | Identified a scroll of acquirement
  3341 | D:3      | Acquired the +4 halberd of Dull Optimality {elec, Fly rElec
                  | rF+ Will-}
  3348 | D:3      | Slain by a hornet zombie

Illustrated notes

Levels and vault maps discovered:
D:1:      sevenhm_arrival_forest_fort_small_6, layout_loops_ring,
          basic_ecumenical_altar
D:2:      layout_basic, basic_altar, kennysheep_generic_room_4
D:3:      layout_loops_ring, lemuel_coloured_pillars_altar,
          cheibrodos_sewer_entry_sluice, minmay_bisected

Skill      XL: |  1  2  3  4  5 |
---------------+----------------+-----
Short Blades   | 1 |  1.7
Long Blades    | 1 |  1.7
Axes           | 1 |  1.7
Polearms       | 1 |  1.7
Staves         | 1 |  1.7
Slings         | 1 |  1.7
Bows           | 1 |  1.7
Crossbows      | 1 |  1.7
Throwing       | 1 |  1.7
Stealth        | 1 |  1.7
Shields        | 1 |  1.7
Unarmed Combat | 1 |  1.7
Spellcasting   | 1 |  1.7
Evocations     | 1 |  1.7
Dodging        | 3 |  3.1
Conjurations   | 1 |  1.3
Hexes          | 1 |  1.3
Summonings     | 1 |  1.3
Necromancy     | 1 |  1.3
Translocations | 1 |  1.3
Transmutations | 1 |  1.3
Fire Magic     | 1 |  1.3
Ice Magic      | 1 |  1.3
Air Magic      | 1 |  1.3
Earth Magic    | 1 |  1.3
Poison Magic   | 1 |  1.3
Invocations    | 5 |  5.0
Fighting       | |  6.7
Maces & Flails | |  4.9
Armour         | |  4.9

Action                   |  1- 3 |  4- 6 || total
-------------------------+-------+-------++-------
Melee: Mace              |    80 |    65 ||   145
       Bite              |     7 |    12 ||    19
       Staff             |    17 |     5 ||    22
       Flail             |       |    31 ||    31
Invok: Depart the Abyss  |     1 |       ||     1
       Renounce Religion |     1 |       ||     1
  Use: Scroll            |     1 |     4 ||     5
       Potion            |       |     6 ||     6
Armor: Leather armour    |    15 |       ||    15
       Ring mail         |    26 |    41 ||    67
       Skin              |       |    14 ||    14
Dodge: Dodged            |    47 |    56 ||   103
